 Dungeon Crawl Stone Soup version 0.30-a0-859-gf88a04b62d (webtiles) character file.

Game seed: 17935098803843096595

21 Demosthentine the Poker (level 2, -2/22 HPs)
             Began as a Demonspawn Gladiator on Mar 7, 2023.
             Frozen to death by an endoplasm (5 damage)
             ... on level 1 of the Dungeon.
             The game lasted 00:00:48 (830 turns).

Demosthentine the Poker (Demonspawn Gladiator)       Turns: 830, Time: 00:00:48

Health: -2/22      AC:  4    Str: 14    XL:     2   Next: 62%
Magic:  2/2        EV: 12    Int:  9    God:
Gold:   45         SH:  0    Dex: 14    Spells: 1/1 levels left

rFire   . . .      SeeInvis .    a - +0 trident
rCold   . . .      Faith    .    (no shield)
rNeg    . . .      Spirit   .    b - +0 leather armour
rPois   .          Reflect  .    c - +0 helmet
rElec   .          Rampage  .    (no cloak)
rCorr   .                        (no gloves)
Will    .....                    (no boots)
Stlth   +                        (no amulet)
HPRegen 0.23/turn                (no ring)
MPRegen 0.08/turn                (no ring)

@: no status effects
A: foul stench 1
a: no special abilities


You were on level 1 of the Dungeon.
You visited 1 branch of the dungeon, and saw 1 of its levels.

You collected 45 gold pieces.

Inventory:

Hand Weapons
 a - a +0 trident (weapon)
Missiles
 d - 3 throwing nets (quivered)
 e - a javelin
Armour
 b - a +0 leather armour (worn)
 c - a +0 helmet (worn)
 h - a +0 buckler
Scrolls
 f - a scroll of enchant armour {unknown}
 g - a scroll of silence {unknown}
 i - a scroll of identify {unknown}
Potions
 j - a potion of resistance {unknown}


   Skills:
 + Level 2.3 Fighting
 + Level 2.9 Polearms
 - Level 1.7 Throwing
 + Level 0.8 Armour
 + Level 2.9 Dodging
 + Level 0.3 Shields


You had one spell level left.
You didn't know any spells.
Your spell library was empty.

Dungeon Overview and Level Annotations

Branches:
Dungeon (1/15)

Altars:


Innate Abilities, Weirdness & Mutations

You may rarely emit foul miasma when damaged in melee.


Message History

There are monsters nearby!
You hit the kobold.
The kobold is moderately wounded.
The endoplasm hits you. The kobold barely misses you.
There are monsters nearby!
You closely miss the kobold.
The kobold is moderately wounded.
The endoplasm freezes you.
You are frozen.
The kobold hits you but does no damage.
There are monsters nearby!
You are too injured to fight recklessly!
There are monsters nearby!
You are too injured to fight recklessly!
You are too injured to fight recklessly!
There are monsters nearby!
You are too injured to fight recklessly!
You closely miss the kobold.
The kobold is moderately wounded.
The endoplasm freezes you.
You are frozen.
The kobold barely misses you.
You hit the kobold.
You kill the kobold!
The endoplasm freezes you.
You are frozen.
* * * LOW HITPOINT WARNING * * *
You hit the endoplasm.
You punch the endoplasm, but do no damage.
The endoplasm is heavily wounded.
The endoplasm closely misses you.
You hit the endoplasm.
The endoplasm is almost dead.
The endoplasm freezes you.
You are frozen.
* * * LOW HITPOINT WARNING * * *
The endoplasm closely misses you.
You completely miss the endoplasm.
The endoplasm is almost dead.
The endoplasm freezes you.
You are frozen.
You die...

#.......................
#...........###.........
#...........# #.........
#...........# #......###
#...........# ###....#
##......##.# #....#
#......##.# #....#
#......##.# #....#
#....@.##.# #....#
.......)J# #....#
########.# #....# #.#
###### #.# #....# ..
#....# .. #....# # ..#
#....### #####....##.


You could see an endoplasm.

Vanquished Creatures
  3 ball pythons (D:1)
  2 endoplasms (D:1)
  3 goblins (D:1)
  3 hobgoblins (D:1)
  2 kobolds (D:1)
  A quokka (D:1)
  3 bats (D:1)
  A frilled lizard (D:1)
18 creatures vanquished.

Notes
Turn   | Place    | Note
-------+----------+-------------------------------------------
     0 | D:1      | Demosthentine the Demonspawn Gladiator began the quest for
                  | the Orb.
     0 | D:1      | Reached XP level 1. HP: 16/16 MP: 1/1
   202 | D:1      | Gained mutation: You may rarely emit foul miasma when
                  | damaged in melee. [demonic ancestry]
   202 | D:1      | Reached XP level 2. HP: 22/22 MP: 2/2
   830 | D:1      | Frozen to death by an endoplasm

Illustrated notes

Levels and vault maps discovered:
D:1:      lemuel_arrival_broad_hall, layout_basic

Action                     || total
---------------------------++-------
  Melee: Trident           ||    62
         Punch             ||     1
   Stab: Sleeping          ||     1
 Armour: Leather armour    ||     8
  Dodge: Dodged            ||    37

Table legend: (Time is in decaauts)
 A = Elapsed time spent in this place.
 B = Non-inter-level travel time spent in this place.
 C = Inter-level travel time spent in this place.
 D = Time resting spent in this place.
 E = Time spent auto-exploring this place.
 F = Levels seen in this place.
 G = Mean time per level.
                   A        B        C        D        E       F      G
               +--------+--------+--------+--------+--------+-----+--------+
         Total |    840 |    840 |      0 |      0 |    692 |   1 |  840.0 |
       Dungeon |    840 |    840 |      0 |      0 |    692 |   1 |  840.0 |
               +--------+--------+--------+--------+--------+-----+--------+

Top non-repeatable levels by time:
     D:1: 840 daAuts
